 Dungeon Crawl Stone Soup version 0.28-a0-622-gbaef9634d7 (webtiles) character file.

Game seed: 14962086939450579612

280 siradein the Sneak (level 6, -1/45 HPs)
             Began as a Draconian Enchanter on Oct 8, 2021.
             Killed by divine providence
             ... invoked by an orc priest
              (8 damage)
             ... on level 4 of the Dungeon.
             The game lasted 00:07:18 (4681 turns).

siradein the Sneak (Draconian Enchanter)            Turns: 4681, Time: 00:07:19

Health: -1/45      AC: 12    Str: 10    XL:     6   Next: 5%
Magic:  10/10      EV: 12    Int: 23    God:
Gold:   168        SH:  0    Dex: 12    Spells: 2/11 levels left

rFire   . . .      SeeInvis .   a - +1 dagger
rCold   . . .      Faith    .   (no shield)
rNeg    . . .      Spirit   .   (armour unavailable)
rPois   .          Reflect  .   u - +1 hat
rElec   .          Harm     .   (no cloak)
rCorr   .          Rampage  .   (no gloves)
Will    .....                   d - +0 pair of boots
Stlth   ++........              (no amulet)
HPRegen 0.15/turn               o - +4 ring of protection
MPRegen 0.12/turn               q - +6 ring of intelligence

@: no status effects
A: AC +6, unfitting armour, cold-blooded
a: no special abilities


You were on level 4 of the Dungeon.
You visited 1 branch of the dungeon, and saw 4 of its levels.

You collected 168 gold pieces.

Inventory:

Hand Weapons
 a - a +1 dagger (weapon)
 r - a +0 hunting sling
Missiles
 g - 135 stones
 s - 6 datura-tipped darts
 y - 22 poisoned darts (quivered)
Armour
 d - a +0 pair of boots (worn)
 u - a +1 hat (worn)
Jewellery
 m - a ring of protection from fire
 o - a +4 ring of protection (left hand)
 q - a +6 ring of intelligence (right hand)
 t - a ring of ice
 w - a ring of ice
Scrolls
 c - 5 scrolls of identify {unknown}
 j - 2 scrolls of teleportation {unknown}
 k - a scroll of holy word {unknown}
 p - a scroll of silence {unknown}
 v - a scroll of noise {unknown}
 x - a scroll of enchant armour {unknown}
Potions
 b - a potion of invisibility
 e - 3 potions of degeneration {unknown}
 f - a potion of brilliance {unknown}
 h - a potion of ambrosia {unknown}
 i - 3 potions of curing {unknown}
 l - a potion of magic {unknown}
 n - a potion of flight {unknown}


   Skills:
 + Level 2.7 Short Blades
 + Level 3.0 Dodging
 + Level 3.8 Stealth
 + Level 3.1 Spellcasting
 + Level 3.6 Hexes
 + Level 0.0 Transmutations


You had 2 spell levels left.
You knew the following spells:

 Your Spells              Type           Power      Damage    Failure   Level
a - Ensorcelled Hibernat  Hex/Ice        22%        N/A       9%          2
b - Tukima's Dance        Hex            20%        N/A       8%          3
c - Confusing Touch       Hex            20%        N/A       8%          3
d - Beastly Appendage     Tmut           6%         N/A       12%         1

Your spell library contained the following spells:

 Spells                   Type           Power      Damage    Failure   Level
 Wereblood                Tmut           3%         N/A       17%         2
 Dazzling Flash           Conj/Hex       22%        N/A       16%         3
 Spider Form              Tmut/Pois      1%         N/A       34%         3


Dungeon Overview and Level Annotations

Branches:
Dungeon (4/15)
 Temple: D:4-7

Altars:
Kikubaaqudgha
Wu Jian
The Shining One

Annotations:
D:3 2 transporters, ALWAYSlose's ghost, amateur DsBe


Innate Abilities, Weirdness & Mutations

Your plain brown scales are hard. (AC +6)
You cannot fit into any form of body armour.
You are cold-blooded and may be slowed by cold attacks.


Message History

The orc priest hits you but does no damage.
You barely miss the orc priest.
Your tail-slap misses the orc priest.
The adder skeleton bites you but does no damage.
The orc priest invokes the aid of Beogh against you.
Beogh smites you!
You barely miss the orc priest.
You tail-slap the orc priest, but do no damage.
The endoplasm freezes you.
You are frozen.
You feel yourself slow down. The adder skeleton misses you.
The orc priest looks encouraged for a moment.
The orc priest closely misses you.
The endoplasm hits you but does no damage.
There is an open door here.
The orc priest miscasts a cantrip.
You barely miss the orc priest.
You feel yourself speed up. The orc priest closely misses you.
You hit the orc priest but do no damage.
You hit the orc priest.
The orc priest is lightly wounded.
The orc priest closely misses you. The endoplasm freezes you.
You are frozen.
You feel yourself slow down.
You hit the orc priest but do no damage.
The orc priest is lightly wounded.
The orc priest hits you with a +0 hand axe.
The endoplasm freezes you.
You are frozen.
The orc priest hits you with a +0 hand axe.
The orc priest casts a cantrip, but nothing happens.
The endoplasm freezes you.
You are frozen.
You feel yourself speed up.
The orc priest mumbles some strange prayers to Beogh against you.
Beogh smites you!
* * * LOW HITPOINT WARNING * * *
The orc priest looks encouraged for a moment.
The orc priest mumbles some strange prayers to Beogh against you.
Beogh smites you!
You die...

#.# #.#.#.# #W# #.##.## #.#
#.#### ##+# ####W# #># ##...#
#....# #.# ##.....## #.#### #.##
#.......## #..## #..##
.........####.o.###########...###
........oo...oJ.@............)...
........Z#........#########...###
#.......##.##..##.# #..##
##.....###.##.###.# #.## ##...#
#.##.# #.# #.# ### ##+#
#.##.###.# #.###.. #........#
#.##.## ####.##### #....# #.#
####.##


You could see 2 orc priests, an orc and an endoplasm.

Vanquished Creatures
  A phantom (D:3)
  A water moccasin skeleton (D:4)
  A centaur skeleton (D:4)
  Jessica (D:2)
  A hound skeleton (D:4)
  3 adders
  An ufetubus (D:4)
  An adder zombie (D:4)
  A worm (D:2)
  3 orcs
  An endoplasm (D:2)
  2 giant cockroaches
  3 goblins
  12 hobgoblins
  8 kobolds
  4 ball pythons
  2 bats
  2 frilled lizards (D:3)
  4 rats
52 creatures vanquished.

Vanquished Creatures (others)
  A fungus (D:1)
  A plant (D:1)
2 creatures vanquished.

Grand Total: 54 creatures vanquished

Notes
Turn   | Place    | Note
-------+----------+-------------------------------------------
     0 | D:1      | siradein the Draconian Enchanter began the quest for the
                  | Orb.
     0 | D:1      | Reached XP level 1. HP: 14/14 MP: 3/3
   625 | D:1      | Found a faded altar of an unknown god.
  1304 | D:2      | Reached XP level 2. HP: 20/20 MP: 5/5
  1307 | D:2      | Learned a level 2 spell: Ensorcelled Hibernation
  1387 | D:2      | Found a glowing golden altar of the Shining One.
  1485 | D:2      | Noticed Jessica
  1495 | D:2      | Killed Jessica
  1496 | D:2      | Reached XP level 3. HP: 14/26 MP: 1/6
  2180 | D:2      | Reached XP level 4. HP: 26/33 MP: 7/7
  2383 | D:2      | Learned a level 3 spell: Tukima's Dance
  2387 | D:2      | Learned a level 3 spell: Confusing Touch
  2398 | D:3      | Found a transporter.
  2514 | D:3      | Found a transporter.
  2537 | D:3      | Noticed ALWAYSlose's ghost (amateur DsBe)
  2552 | D:3      | Found an ornate altar of the Wu Jian Council.
  2552 | D:3      | Found an ancient bone altar of Kikubaaqudgha.
  3407 | D:4      | Reached XP level 5. HP: 24/38 MP: 9/9
  3682 | D:4      | Noticed a phantom
  4036 | D:3      | Killed a phantom
  4313 | D:4      | Reached XP level 6. HP: 41/45 MP: 10/10
  4565 | D:4      | Learned a level 1 spell: Beastly Appendage
  4681 | D:4      | Killed from afar by an orc priest

Illustrated notes

Levels and vault maps discovered:
D:1:      sevenhm_arrival_forest_fort_small_3, layout_basic,
          shapermc_ecumenical_altar_ellora, serial_co_window_serial,
          co_window_paths_a, co_window_paths_a, co_window_paths_a,
          co_window_paths_a, co_window_corner_a, co_window_unsneaky_path_a,
          co_window_corner_cb, co_window_2corner, co_window_paths_c,
          co_window_unsneaky_path_a, co_window_sun, glass_columns_b,
          glass_columns_a, glass_columns_a
D:2:      layout_basic, basic_altar, uniq_jessica
D:3:      layout_loops_cross, jmf_multi_god_temple, gammafunk_ghost_stat_death,
          hangedman_decor_riveting
D:4:      minmay_chambers_of_twos, layout_loops_corners

Skill      XL: |  1  2  3  4  5 |
---------------+----------------+-----
Dodging        | 2 3 |  3.0
Stealth        | 3 |  3.8
Hexes          | 3 |  3.6
Short Blades   | 2 |  2.7
Spellcasting   | 3 |  3.1

Action                   |  1- 3 |  4- 6 || total
-------------------------+-------+-------++-------
Melee: Dagger            |    94 |   230 ||   324
       Tailslap          |     8 |    17 ||    25
 Cast: Ensorcelled Hiber |     5 |     3 ||     8
 Stab: Sleeping          |     7 |     6 ||    13
Armor: Skin              |    29 |    90 ||   119
Dodge: Dodged            |    45 |   139 ||   184

Table legend: (Time is in decaauts)
 A = Elapsed time spent in this place.
 B = Non-inter-level travel time spent in this place.
 C = Inter-level travel time spent in this place.
 D = Time resting spent in this place.
 E = Time spent auto-exploring this place.
 F = Levels seen in this place.
 G = Mean time per level.
                   A        B        C        D        E       F      G
               +--------+--------+--------+--------+--------+-----+--------+
         Total |   4650 |   4620 |     30 |    260 |   3381 |   4 | 1162.5 |
       Dungeon |   4650 |   4620 |     30 |    260 |   3381 |   4 | 1162.5 |
               +--------+--------+--------+--------+--------+-----+--------+

Top non-repeatable levels by time:
     D:1: 1292 daAuts
     D:3: 1218 daAuts
     D:2: 1103 daAuts
     D:4: 1037 daAuts
